cohdb
Replays
Latest Replays
All Replays
Popular Replays
Top Player Replays
Match Explorer
How It Works
Community
CoH3 Stats
Reddit
Sign in to upload your games and track your stats! →
Sign in with Steam
Match 41383804
Unlisted
Match 41383804
Overview
Messages
Build Orders
End
Selects Luftwaffe Battlegroup
Selects Luftwaffe Pioneer Support
Fallschirmpioneer Squad Paradrop
Construct Infanterie Kompanie
MG 42 Machine Gun Team
Fallschirmpioneer Squad Paradrop
Selects Reconnaissance Run
MG 42 Machine Gun Team
Construct Panzergrenadier Kompanie
Medical Station
Pak 40 Anti-tank Gun Team
Construct Panzer Kompanie
Panzer IV Medium Tank
Selects Fallschirmjäger Squad Paradrop
Selects Stuka Loiter
Stoßtruppen Squad
Side Skirts
Panzer IV Medium Tank
Stuka Loiter
MG 42 Bunker
Stoßtruppen Squad
Panzer IV Medium Tank
Panzer Officer Quarters
bogdan
sarigom
qazxsw
HELP ME
torbjornuser
Mad
카츄사
KimJeongEn
0
0
Comments
sign in to comment!
No comments posted yet!